 Dungeon Crawl Stone Soup version 0.25-a0-292-gaa31f046c4 (webtiles) character file.

Game seed: 15483084250051587088, levelgen mode: deterministic

322 MrRokkomies the Magician (level 6, -5/51 HPs)
             Began as a Gnoll Wanderer on Dec 15, 2019.
             Slain by an orc
             ... wielding a +0 mace
              (9 damage)
             ... on level 3 of the Dungeon.
             The game lasted 00:08:10 (2633 turns).

MrRokkomies the Magician (Gnoll Wanderer)           Turns: 2633, Time: 00:08:12

Health: -5/51      AC:  5    Str: 12    XL:     6   Next: 47%
Magic:  14/14      EV: 14    Int: 18    God:
Gold:   121        SH:  0    Dex: 19    Spells: 7/15 levels left

rFire    . . .     SeeInvis +   a - +0 spear
rCold    . . .     Gourm    .   (no shield)
rNeg     . . .     Faith    .   c - +0 ring mail
rPois    .         Spirit   .   (no helmet)
rElec    .         Reflect  .   (no cloak)
rCorr    .         Harm     .   (no gloves)
MR       .....                  (no boots)
Stlth    ++........             (no amulet)
HPRegen  0.17/turn              i - +3 ring of evasion
MPRegen  0.14/turn              l - +4 ring of dexterity

@: no status effects
A: distributed training, fangs 1, see invisible, deterioration 1, screaming 1,
evolution 1, strong nose
a: no special abilities


You were on level 3 of the Dungeon.
You were hungry.

You visited 1 branch of the dungeon, and saw 4 of its levels.

You collected 121 gold pieces.

Inventory:

Hand Weapons
 a - a +0 spear (weapon)
 b - a +3 shortbow
 p - a +0 hunting sling
 s - a +0 hand crossbow
Missiles
 e - 46 bolts
 g - 12 poisoned darts
 k - 126 stones (quivered)
 t - 8 arrows
Armour
 c - a +0 ring mail (worn)
Jewellery
 i - a +3 ring of evasion (left hand)
 l - a +4 ring of dexterity (right hand)
 n - an uncursed ring of magical power
 v - an uncursed ring of flight
Scrolls
 f - 5 scrolls of enchant weapon {unknown}
 h - a scroll of random uselessness {unknown}
 j - 3 scrolls of identify {unknown}
 m - a scroll of enchant armour {unknown}
 o - a scroll of teleportation {unknown}
 u - a scroll of magic mapping {unknown}
Comestibles
 d - 5 rations


   Skills:
 + Level 5.0 Fighting
 + Level 1.9 Short Blades
 + Level 1.9 Long Blades
 + Level 1.9 Axes
 + Level 1.9 Maces & Flails
 + Level 1.9 Polearms
 + Level 1.9 Staves
 + Level 1.9 Slings
 + Level 1.9 Bows
 + Level 1.9 Crossbows
 + Level 1.9 Throwing
 + Level 3.2 Armour
 + Level 1.9 Dodging
 + Level 1.9 Stealth
 + Level 5.0 Shields
 + Level 1.9 Unarmed Combat
 + Level 5.3 Spellcasting
 + Level 1.5 Conjurations
 + Level 4.1 Hexes
 + Level 1.5 Charms
 + Level 2.6 Summonings
 + Level 1.5 Necromancy
 + Level 1.5 Translocations
 + Level 1.5 Transmutations
 + Level 1.5 Fire Magic
 + Level 1.5 Ice Magic
 + Level 1.5 Air Magic
 + Level 1.5 Earth Magic
 + Level 1.5 Poison Magic
 + Level 2.1 Invocations
 + Level 1.9 Evocations


You had 7 spell levels left.
You knew the following spells:

 Your Spells              Type           Power        Failure   Level  Hunger
a - Magic Dart            Conj           ##..         14%         1    None
b - Blink                 Tloc           N/A          22%         2    #......
c - Call Imp              Summ           ##......     14%         2    #......
d - Mephitic Cloud        Conj/Pois/Air  ##......     41%         3    ##.....

Your spell library contained the following spells:

 Spells                   Type           Power        Failure   Level  Hunger
 Slow                     Hex            ###.....     8%          2    #......
 Conjure Flame            Conj/Fire      ##......     41%         3    ##.....


Dungeon Overview and Level Annotations

Branches:
Dungeon (4/15)
 Temple: D:4-7

Altars:

Shops:
D:4 *


Innate Abilities, Weirdness & Mutations

Your experience applies equally to all skills.
You have very sharp teeth.
Your uncanny sense of smell can sniff out nearby items.
You have supernaturally acute eyesight. (SInv)
Your body sometimes deteriorates upon taking damage.
You occasionally shout uncontrollably at your foes.
You evolve.


Message History

You miss something. Something barely misses you.
The orc hits you but does no damage.
You hit something but do no damage. Something hits you but does no damage.
You hear some strange, mumbled words.
A magic dart appears from out of thin air!
The magic dart hits you.
* * * LOW HITPOINT WARNING * * *
It was a potion of cancellation.
You feel magically purged. The orc hits you with a +0 mace!
* * * LOW HITPOINT WARNING * * *
Something barely misses you.
Unknown command.
It was a potion of mutation.
You feel extremely strange.
You feel yourself wasting away.
Your vision sharpens.
Reactivating autopickup.
You feel the urge to shout.
You feel nature experimenting on you.
Don't worry, failures die fast.
The orc wizard hits you but does no damage.
The orc hits you with a +0 mace!
You die...

.( .( (### #########
.((.#### #.......#
.......#####.##.##.##
#o #..............#
...#o##.#####.##.##..#
#..#o@..# #.#####..#
..#.##.# #........#
... ..# ########.#
#.... ..# #.#
#.##.##.# #.#
#.##.##.# ####### #..
#.....#.# #.....# ##..
....#.#.#.###.....#
#...
..................#
#...


You could see an orc wizard (invisible) and 2 orcs.

Vanquished Creatures
  A phantom (D:4)
  A centaur (D:3)
  An orc priest (D:3)
  An orc wizard (D:3)
  3 adders (D:2)
  An ooze (D:2)
  2 worms (D:2)
  5 orcs
  5 bats
  3 giant cockroaches
  11 goblins
  6 hobgoblins
  5 jackals (D:2)
  2 ball pythons
  2 frilled lizards
  4 kobolds
  A quokka skeleton (D:4)
  9 rats
63 creatures vanquished.

Notes
Turn   | Place    | Note
-------+----------+-------------------------------------------
     0 | D:1      | MrRokkomies the Gnoll Wanderer began the quest for the Orb.
     0 | D:1      | MrRokkomies set off with the following items: a +0 spear, a
                  | +0 ring mail, a ration; and the following spell memorised:
                  | Magic Dart; and the following spells available to memorise:
                  | Slow, Call Imp, Blink, Conjure Flame, Mephitic Cloud
     0 | D:1      | Reached XP level 1. HP: 20/20 MP: 6/6
   213 | D:1      | Reached XP level 2. HP: 26/26 MP: 7/7
   942 | D:2      | Reached XP level 3. HP: 27/31 MP: 9/9
   976 | D:2      | Reached skill level 5 in Spellcasting
  1045 | D:2      | Learned a level 2 spell: Blink
  1055 | D:2      | Learned a level 2 spell: Call Imp
  1078 | D:2      | Reached skill level 1 in Invocations
  1326 | D:2      | Reached skill level 1 in Short Blades
  1326 | D:2      | Reached skill level 1 in Long Blades
  1326 | D:2      | Reached skill level 1 in Axes
  1326 | D:2      | Reached skill level 1 in Maces & Flails
  1326 | D:2      | Reached skill level 1 in Polearms
  1326 | D:2      | Reached skill level 1 in Staves
  1326 | D:2      | Reached skill level 1 in Slings
  1326 | D:2      | Reached skill level 1 in Bows
  1326 | D:2      | Reached skill level 1 in Crossbows
  1326 | D:2      | Reached skill level 1 in Throwing
  1326 | D:2      | Reached skill level 1 in Dodging
  1326 | D:2      | Reached skill level 1 in Stealth
  1326 | D:2      | Reached skill level 1 in Unarmed Combat
  1326 | D:2      | Reached skill level 1 in Evocations
  1326 | D:2      | Reached XP level 4. HP: 17/38 MP: 11/11
  2188 | D:3      | Reached skill level 1 in Conjurations
  2188 | D:3      | Reached skill level 1 in Charms
  2188 | D:3      | Reached skill level 1 in Necromancy
  2188 | D:3      | Reached skill level 1 in Translocations
  2188 | D:3      | Reached skill level 1 in Transmutations
  2188 | D:3      | Reached skill level 1 in Fire Magic
  2188 | D:3      | Reached skill level 1 in Ice Magic
  2188 | D:3      | Reached skill level 1 in Air Magic
  2188 | D:3      | Reached skill level 1 in Earth Magic
  2188 | D:3      | Reached skill level 1 in Poison Magic
  2188 | D:3      | Reached XP level 5. HP: 42/43 MP: 12/12
  2371 | D:3      | You fall into a shaft and drop 1 floor!
  2388 | D:4      | Noticed a phantom
  2394 | D:4      | Killed a phantom
  2394 | D:4      | Reached XP level 6. HP: 50/50 MP: 13/13
  2402 | D:4      | Found Jaikh's General Store.
  2516 | D:3      | Reached skill level 5 in Fighting
  2516 | D:3      | Reached skill level 5 in Shields
  2610 | D:3      | Learned a level 3 spell: Mephitic Cloud
  2633 | D:3      | Gained mutation: Your body sometimes deteriorates upon
                  | taking damage. [potion of mutation]
  2633 | D:3      | Gained mutation: You have supernaturally acute eyesight.
                  | (SInv) [potion of mutation]
  2633 | D:3      | Gained mutation: You occasionally shout uncontrollably at
                  | your foes. [potion of mutation]
  2633 | D:3      | Gained mutation: You evolve. [potion of mutation]
  2633 | D:3      | Slain by an orc

Levels and vault maps discovered:
D:1:      nicolae_arrival_memento_mori, layout_loops_cross
D:2:      layout_loops_corners
D:3:      layout_loops_cross, ebering_ghost_inner_flame
D:4:      layout_basic, old_standard_altar, first_ration, serial_shops,
          kennysheep_mini_moat

Skill      XL: |  1  2  3  4  5  6 |
---------------+-------------------+-----
Summonings     | 2 |  2.6
Spellcasting   | 5 |  5.3
Invocations    | 1 2 |  2.1
Short Blades   | 1 |  1.9
Long Blades    | 1 |  1.9
Axes           | 1 |  1.9
Maces & Flails | 1 |  1.9
Polearms       | 1 |  1.9
Staves         | 1 |  1.9
Slings         | 1 |  1.9
Bows           | 1 |  1.9
Crossbows      | 1 |  1.9
Throwing       | 1 |  1.9
Dodging        | 1 |  1.9
Stealth        | 1 |  1.9
Unarmed Combat | 1 |  1.9
Evocations     | 1 |  1.9
Conjurations   | 1 |  1.5
Charms         | 1 |  1.5
Necromancy     | 1 |  1.5
Translocations | 1 |  1.5
Transmutations | 1 |  1.5
Fire Magic     | 1 |  1.5
Ice Magic      | 1 |  1.5
Air Magic      | 1 |  1.5
Earth Magic    | 1 |  1.5
Poison Magic   | 1 |  1.5
Armour         | 3 |  3.2
Hexes          | 4 |  4.1
Fighting       | 5 |  5.0
Shields        | 5 |  5.0

Action                   |  1- 3 |  4- 6 || total
-------------------------+-------+-------++-------
Melee: Spear             |   140 |   110 ||   250
       Bite              |     7 |    11 ||    18
 Fire: Hunting sling     |     8 |       ||     8
       Hand crossbow     |     3 |    14 ||    17
       Shortbow          |       |    11 ||    11
 Cast: Magic Dart        |    12 |     5 ||    17
  Use: Potion            |       |     5 ||     5
  Eat: Chunk             |     1 |     4 ||     5
Armor: Ring mail         |    42 |    51 ||    93
Dodge: Dodged            |    91 |    91 ||   182

Table legend:
 A = Non-vault XP
 B = Vault XP
 C = Vault XP percentage of total XP
 D = Non-vault monster count
 E = Vault monster count
 F = Vault count percentage of total count
                 A         B        C        D         E       F
            +---------+---------+-------+---------+---------+-------
      Total |     461 |       0 |   0.0 |      63 |       0 |   0.0
            +---------+---------+-------+---------+---------+-------
        D:1 |      23 |       0 |   0.0 |      14 |       0 |   0.0
        D:2 |      98 |       0 |   0.0 |      31 |       0 |   0.0
        D:3 |     214 |       0 |   0.0 |      14 |       0 |   0.0
        D:4 |     126 |       0 |   0.0 |       4 |       0 |   0.0
            +---------+---------+-------+---------+---------+-------
